 Dungeon Crawl Stone Soup version 0.30-b1-2-g02819fbbbe (webtiles) character file.

Game seed: 18341160435441472868

23649 LLlMATKO the Cleaver (level 12, -6/115 HPs)
             Began as a Minotaur Berserker on Aug 10, 2023.
             Was an Elder of Trog.
             Mangled by a six-headed hydra simulacrum (9 damage)
             ... in an ice cave.
             The game lasted 00:16:35 (13830 turns).

LLlMATKO the Cleaver (Minotaur Berserker)          Turns: 13830, Time: 00:16:36

Health: -6/115     AC: 29    Str: 31    XL:     12   Next: 73%
Magic:  11/11      EV: 12    Int:  4    God:    Trog [****..]
Gold:   894        SH:  0    Dex: 11    Spells: 11/11 levels left

rFire   . . .        Q - +0 broad axe (venom)
rCold   + . .        (no shield)
rNeg    . . .        a - +1 plate armour
rPois   +            g - +4 hat of Xarih {rElec rC+ Str+3 Dex+2}
rElec   +            C - +2 cloak {Will+}
rCorr   .            p - +0 pair of gloves
SInv    .            R - +2 pair of boots
Will    +++..        (no amulet) Stlth
                     c - ring of poison resistance
HPRegen 1.39/turn    G - ring of flight
MPRegen 0.12/turn

%: no passive effects
@: strong-willed, on berserk cooldown, flying, regenerating, slowed, very slow
A: horns 2, retaliatory headbutt
a: Renounce Religion, Berserk, Trog's Hand, Brothers in Arms


You were in an ice cave.
You worshipped Trog.
Trog was greatly pleased with you.
You visited 1 branch of the dungeon, and saw 14 of its levels.
You also visited: Sewer and Ice Cave.

You collected 894 gold pieces.

Inventory:

Hand Weapons
 y - a +3 hand axe of venom
 Q - a +0 broad axe of venom (weapon)
 S - the +4 hand axe "Vinesiusa" {drain, rPois rF- rC+ Will+}
   (You found it on level 10 of the Dungeon)

   rF:        It makes you vulnerable to fire.
   rC:        It protects you from cold.
   rPois:     It protects you from poison.
   Will:      It increases your willpower.
Missiles
 b - 22 boomerangs (quivered)
 m - 2 throwing nets
 v - 24 poisoned darts
 M - 8 javelins
Armour
 a - a +1 plate armour (worn)
 g - the +4 hat of Xarih (worn) {rElec rC+ Str+3 Dex+2}
   (You acquired it on level 14 of the Dungeon)

   Str:       It affects your strength (+3).
   Dex:       It affects your dexterity (+2).
   rC:        It protects you from cold.
   rElec:     It insulates you from electricity.
 p - a +0 pair of gloves (worn)
 C - a +2 cloak of willpower (worn)
 R - a +2 pair of boots (worn)
 V - a scarf of resistance
Jewellery
 c - a ring of poison resistance (left hand)
 G - a ring of flight (right hand)
 K - a ring of fire
 T - a ring of fire
Wands
 I - a wand of roots (10)
 L - a wand of polymorph (3)
 N - a wand of flame (32)
 P - a wand of mindburst (9)
Scrolls
 d - a scroll of poison
 f - 10 scrolls of identify
 i - 5 scrolls of fear
 q - 3 scrolls of blinking
 s - 3 scrolls of enchant armour
 t - 7 scrolls of teleportation
 x - a scroll of fog
 A - 4 scrolls of noise
 H - 2 scrolls of magic mapping
 O - a scroll of torment {unknown}
 U - a scroll of enchant weapon
Potions
 e - 6 potions of might {unknown}
 h - 4 potions of berserk rage {unknown}
 j - 5 potions of flight
 k - 10 potions of heal wounds {unknown}
 n - 6 potions of lignification {unknown}
 o - 4 potions of curing {unknown}
 r - 6 potions of attraction {unknown}
 u - 2 potions of mutation {unknown}
 w - 3 potions of brilliance {unknown}
 z - 4 potions of cancellation {unknown}
 D - 2 potions of haste {unknown}
 E - 3 potions of ambrosia {unknown}
 J - 2 potions of invisibility {unknown}


   Skills:
 + Level 13.4 Fighting
 + Level 13.4 Axes
 + Level 13.1 Armour
 + Level 12.1 Dodging


You had 11 spell levels left.
You didn't know any spells.
Your spell library was empty.

Dungeon Overview and Level Annotations

Branches:
Dungeon (14/15)            Temple (0/1) D:4            Lair (0/5) D:8
    Orc (0/2) D:9           Sewer (visited)           IceCv (1/1)
 Vaults: D:13-14

Altars:
Dithmenos
Elyvilon
Makhleb
Nemelex Xobeh
Okawaru
Qazlal
Trog
Vehumet
Xom
Zin
The Shining One

Shops:
D:6 :   D:7 *

Portals:
Trove: D:14 (give 6 scrolls of fog)


Innate Abilities, Weirdness & Mutations

You have a pair of horns on your head.
You reflexively headbutt those who attack you in melee.


Message History

The caustic shrike simulacrum closely misses you.
You furiously retaliate!
You headbutt the caustic shrike simulacrum!!
The caustic shrike simulacrum vaporises!
Trog accepts your kill.
You slice the alligator simulacrum!! You headbutt the alligator simulacrum!
The alligator simulacrum vaporises!
Trog accepts your kill.
Really fly into that cloud of freezing vapour? [Y]es or [N]o only, please.
Really fly into that cloud of freezing vapour? [Y]es or [N]o only, please.
Really fly into that cloud of freezing vapour?
Okay, then.
You barely miss the alligator simulacrum.
You headbutt the alligator simulacrum!
The alligator simulacrum is moderately damaged.
You slice the alligator simulacrum!!
The alligator simulacrum vaporises!
Trog accepts your kill.
Really fly into that cloud of freezing vapour?
Okay, then.
You feel a strong urge to attack something.
You are no longer berserk.
You are exhausted.
You feel yourself slow down.
You slice one of the seven-headed hydra simulacrum's heads off!
You slash the six-headed hydra simulacrum!
You headbutt the six-headed hydra simulacrum.
The six-headed hydra simulacrum is lightly damaged.
The six-headed hydra simulacrum bites you.
* * * LOW HITPOINT WARNING * * *
The six-headed hydra simulacrum freezes you!
You resist.
* * * LOW HITPOINT WARNING * * *
The six-headed hydra simulacrum bites you.
* * * LOW HITPOINT WARNING * * *
The six-headed hydra simulacrum freezes you!
You resist.
You die...

#######
#.....##
#......## Z
#.......#....
#.∩..∩......Z
#.@ZZZ..#...Z
#......## Z
#.....##
#######


You could see a six-headed hydra simulacrum, a lindwurm simulacrum and an ettin
simulacrum.

Vanquished Creatures
  An azure jelly (D:14)
  A caustic shrike simulacrum (IceCv)
  Erolcha (D:10)
  4 centaur warriors
  A boulder beetle (D:11)
  2 two-headed ogres
  3 deep elf pyromancers
  An orc knight (D:11)
  An ugly thing (D:12)
  3 manticores
  3 cyclopes
  2 gargoyles (D:13)
  An efreet (D:12)
  2 unseen horrors (D:10)
  A kobold demonologist (D:12)
  2 freezing wraiths (D:14)
  A troll (D:9)
  A hornet (D:8)
  Grinder (D:4)
  Prince Ribbit (D:8)
  3 slime creatures (D:13)
  3 shadows
  2 wraiths
  A vampire (D:12)
  A wyvern (D:9)
  15 yaks
  6 vampire mosquitoes
  2 basilisks
  2 harpy simulacra (IceCv)
  Edmund (D:4)
  4 acid dragons
  2 water moccasins
  3 ice beasts
  2 sky beasts (D:7)
  2 black bears (D:7)
  2 alligator simulacra (IceCv)
  10 orc warriors
  An ogre (D:7)
  10 centaurs
  3 kobold brigands
  6 bullfrogs
  A scorpion (D:5)
  A necrophage (D:8)
  A howler monkey (D:7)
  A jelly (D:6)
  12 orc priests
  2 hounds (D:5)
  2 sleepcaps (D:5)
  Crazy Yiuf (D:4)
  3 iguanas
  8 orc wizards
  A hound skeleton (D:8)
  7 adders
  2 river rats (Sewer)
  2 shadow imps
  A worm (Sewer)
  2 dart slugs
  38 orcs
  10 endoplasms
  7 giant cockroaches
  10 goblins
  7 hobgoblins
  10 jackals
  9 quokkas
  8 ball pythons
  12 bats
  6 frilled lizards
  26 kobolds
  4 rats
308 creatures vanquished.

Vanquished Creatures (collateral kills)
  An orc warrior (D:12)
1 creature vanquished.

Vanquished Creatures (others)
  A wizard (D:10)
1 creature vanquished.

Grand Total: 310 creatures vanquished

Notes
Turn   | Place    | Note
-------+----------+-------------------------------------------
     0 | D:1      | LLlMATKO the Minotaur Berserker began the quest for the
                  | Orb.
     0 | D:1      | Reached XP level 1. HP: 19/19 MP: 0/0
   250 | D:1      | Reached XP level 2. HP: 25/27 MP: 1/1
   698 | D:2      | Reached XP level 3. HP: 28/33 MP: 2/2
   767 | D:2      | Found a faded altar of an unknown god.
   829 | D:2      | Found the +6 shillelagh "Devastator" {shatter}
   878 | D:2      | Reached ** piety under Trog
   944 | D:2      | Reached XP level 4. HP: 40/40 MP: 3/3
  1864 | D:3      | Found a shadowy altar of Dithmenos.
  2186 | D:4      | Reached XP level 5. HP: 47/47 MP: 4/4
  2187 | D:4      | Noticed Edmund
  2204 | D:4      | Killed Edmund
  2205 | D:4      | Reached skill level 5 in Fighting
  2205 | D:4      | Reached skill level 5 in Axes
  2553 | D:4      | Noticed Grinder
  2568 | D:4      | Killed Grinder
  2569 | D:4      | Reached XP level 6. HP: 56/56 MP: 5/5
  2687 | D:4      | Found a runed translucent door.
  2688 | D:4      | Noticed Crazy Yiuf
  2780 | D:4      | Found a staircase to the Ecumenical Temple.
  2905 | D:4      | Found a radiant altar of Vehumet.
  2908 | D:4      | Found a white marble altar of Elyvilon.
  2911 | D:4      | Found a glowing golden altar of the Shining One.
  2912 | D:4      | Found a glowing silver altar of Zin.
  3020 | D:4      | Killed Crazy Yiuf
  3096 | D:5      | Entered Level 5 of the Dungeon
  3290 | D:5      | Reached skill level 5 in Armour
  3290 | D:5      | Reached XP level 7. HP: 41/62 MP: 6/6
  3685 | D:5      | You fall into a shaft and drop 1 floor!
  3737 | D:6      | Found a stormy altar of Qazlal.
  3789 | D:6      | Found a glowing drain.
  3806 | D:6      | Reached *** piety under Trog
  3807 | D:6      | Reached skill level 5 in Dodging
  3818 | Sewer    | Entered a sewer
  4196 | Sewer    | Reached **** piety under Trog
  4487 | D:6      | Found Xysiz's Vocational Training.
  4567 | D:6      | Reached XP level 8. HP: 71/71 MP: 7/7
  5737 | D:7      | Reached XP level 9. HP: 57/81 MP: 8/8
  5950 | D:7      | Found Etoadiul's General Store.
  6931 | D:8      | Noticed Prince Ribbit
  6942 | D:8      | Killed Prince Ribbit
  6943 | D:8      | Reached XP level 10. HP: 65/91 MP: 9/9
  7041 | D:8      | Found an iron altar of Okawaru.
  7156 | D:8      | Found a staircase to the Lair.
  7289 | D:8      | Found a burning altar of Makhleb.
  7296 | D:8      | Reached ***** piety under Trog
  7773 | D:9      | Found a shimmering altar of Xom.
  7927 | D:9      | Found a sparkling altar of Nemelex Xobeh.
  8046 | D:9      | Noticed a centaur warrior
  8059 | D:9      | Killed a centaur warrior
  8060 | D:9      | Reached skill level 10 in Fighting
  8060 | D:9      | Reached skill level 10 in Axes
  8329 | D:9      | Found a staircase to the Orcish Mines.
  8456 | D:9      | Reached skill level 10 in Armour
  8775 | D:10     | Entered Level 10 of the Dungeon
  9004 | D:10     | Identified the +4 hand axe "Vinesiusa" {drain, rPois rF-
                  | rC+ Will+}
  9041 | D:10     | Noticed Erolcha
  9051 | D:10     | Killed Erolcha
  9207 | D:10     | Identified the +6 dagger "Kippes" {heavy, rC+ rCorr Stlth-}
  9266 | D:10     | Found a bloodstained altar of Trog.
  9267 | D:10     | Noticed a wizard
  9272 | D:10     | Killed a wizard
  9512 | D:10     | Reached XP level 11. HP: 56/101 MP: 10/10
  9787 | D:11     | Noticed an orc knight
  9798 | D:11     | Killed an orc knight
 10014 | D:11     | Noticed a boulder beetle
 10034 | D:11     | Killed a boulder beetle
 10135 | D:11     | Reached skill level 10 in Dodging
 10841 | D:11     | Noticed a two-headed ogre
 10846 | D:11     | Killed a two-headed ogre
 11164 | D:12     | Noticed a brown ugly thing
 11182 | D:12     | Killed a brown ugly thing
 11307 | D:12     | Noticed a two-headed ogre
 11316 | D:12     | Killed a two-headed ogre
 11481 | D:12     | Noticed a deep elf pyromancer
 11494 | D:12     | Killed a deep elf pyromancer
 11897 | D:12     | Noticed a deep elf pyromancer
 11911 | D:12     | Killed a deep elf pyromancer
 11912 | D:12     | Reached XP level 12. HP: 101/113 MP: 11/11
 13069 | D:13     | Noticed a centaur warrior
 13080 | D:13     | Killed a centaur warrior
 13580 | D:14     | Identified a scroll of acquirement
 13580 | D:14     | Acquired the +4 hat of Xarih {rElec rC+ Str+3 Dex+2}
 13647 | D:14     | Noticed a centaur warrior
 13657 | D:14     | Killed a centaur warrior
 13717 | D:14     | Noticed a centaur warrior
 13719 | D:14     | Found a portal to a secret trove of treasure.
 13729 | D:14     | Killed a centaur warrior
 13735 | D:14     | Found a frozen archway.
 13735 | D:14     | Noticed an azure jelly
 13749 | D:14     | Killed an azure jelly
 13811 | IceCv    | Entered an ice cave
 13830 | IceCv    | HP: 3/115 [six-headed hydra simulacrum (5)]
 13830 | IceCv    | Mangled by a six-headed hydra simulacrum

Illustrated notes

Levels and vault maps discovered:
D:1:      dpeg_arrival_shrine, layout_basic, minmay_pentomino_r4
D:2:      cheibrodos_helix_gallery, layout_rooms,
          shapermc_ecumenical_altar_rom_forum, supply_closet_lemuel, minivault_5
D:3:      kennysheep_the_goblin_king, layout_loops_ring,
          nicolae_dithmenos_the_darkroom
D:4:      layout_rooms, mainiacjoe_overflow_alcove_3, minmay_temple_entry_grid,
          serial_corexii_hall, corexii_hall_statues_l, corexii_hall_statues_x,
          corexii_hall_statues_i, corexii_hall_statues_deadend,
          uniq_crazy_yiuf_cottage, uniq_edmund, uniq_grinder
D:5:      layout_loops_ring, roderic_filled_cross
D:6:      layout_rooms, mainiacjoe_overflow_alcove_2, portal_sewer_entry_f,
          minivault_22, nicolae_shop_vocational
D:7:      layout_loops_corners, serial_shops, shop
D:8:      kennysheep_six_static_rooms, layout_rooms,
          makhleb_blood_cavern_becter, kennysheep_okawaru_gauntlet,
          dpeg_oklobed_lair, minivault_27, david_defended_altar_orc,
          uniq_prince_ribbit1
D:9:      layout_loops_corners, mainiacjoe_overflow_small_starburst,
          mainiacjoe_overflow_tiny_flanked, david_orc_1_choice
D:10:     layout_basic, trog_wizard, hangedman_abyss_or_decor_clamps,
          nrook_mini_backslash, uniq_erolcha
D:11:     layout_stronghold
D:12:     layout_small_grid, minmay_microvault
D:13:     layout_roguey
D:14:     layout_roguey [special_room_bee], erik_vaults_2, zin_angel,
          portal_ice_cave_entry_frozen_things, nicolae_trove_entry_free_sample
IceCv:    ice_cave_statue_garden_chambered

Skill      XL: |  1  2  3  4  5  6  7  8  9 10 11 12 |
---------------+-------------------------------------+-----
Fighting       | 4 5 6 8 9 10 12 13 | 13.4
Axes           | 4 5 6 8 9 10 12 13 | 13.4
Armour         | 3 4 5 6 7 9 10 12 13 | 13.1
Dodging        | 3 4 5 6 8 9 11 12 | 12.1

Action                     |  1- 3 |  4- 6 |  7- 9 | 10-12 || total
---------------------------+-------+-------+-------+-------++-------
  Melee: Hand axe          |    65 |   104 |   215 |       ||   384
         Headbutt          |     5 |    20 |    40 |    97 ||   162
         Punch             |       |     3 |     2 |    11 ||    16
         Broad axe         |       |       |    50 |   446 ||   496
  Throw: Boomerang         |       |       |       |     7 ||     7
         Throwing net      |       |       |       |     3 ||     3
 Invoke: Berserk           |     1 |     2 |     1 |    11 ||    15
         Trog's Hand       |       |       |       |     3 ||     3
         Brothers in Arms  |       |       |       |     2 ||     2
    Use: Scroll            |       |       |    10 |     7 ||    17
         Potion            |       |       |     3 |       ||     3
 Armour: Animal skin       |     7 |       |       |       ||     7
         Ring mail         |    17 |       |       |       ||    17
         Chain mail        |     6 |    47 |    11 |       ||    64
         Plate armour      |       |       |   202 |   376 ||   578
  Dodge: Dodged            |    39 |    37 |   138 |   235 ||   449
